 Dungeon Crawl Stone Soup version 0.31.0-11-ge490571c62 (webtiles) character file.

Game seed: 1555614114283710300

62794 sanka the Metamorph (level 14, -19/176 HPs)
             Began as a Troll Monk on Feb 2, 2024.
             Was the Champion of the Shining One.
             Killed from afar by a frost giant (60 damage)
             ... with a bolt of cold
             ... on level 1 of the Depths.
             The game lasted 00:39:24 (12719 turns).

sanka the Metamorph (Troll Monk)                   Turns: 12719, Time: 00:39:24

Health: -19/176    AC: 29    Str: 22    XL:     14   Next: 65%
Magic:  19/19      EV: 17    Int:  6    God:    the Shining One [******]
Gold:   1590       SH: 17    Dex: 16    Spells: 13/13 levels left

rFire   . .          .
                       - Unarmed
rCold   . . .        W - +1 kite shield {reflect}
rNeg    + + +        Q - melded +0 troll leather armour
rPois   ∞            d - +2 hat
rElec   +            (no cloak)
rCorr   .            (gloves unavailable)
SInv    .            (boots unavailable)
Will    ++...        y - amulet of reflection
Stlth   +            a - +5 ring of evasion
HPRegen 1.29/turn    r - ring of willpower
MPRegen 0.16/turn

%: reflection
@: statue-form, glowing, very slow
A: slow and powerful, torment resistance 1, boosted hp, large, unfitting armour,
claws 3, regeneration 1, (shaggy fur 1), (tough skin 1)
a: Begin Untransformation, Renounce Religion, Divine Shield, Cleansing Flame,
Summon Divine Warrior, Brand Weapon With Holy Wrath


You were on level 1 of the Depths.
You worshipped the Shining One.
The Shining One was exalted by your worship.
You were a living statue of rough stone.
You visited 3 branches of the dungeon, and saw 17 of its levels.
You also visited: Ossuary and Bailey.

You collected 1590 gold pieces.


Innate Abilities, Weirdness & Mutations

You are a living statue of rough stone.
Your actions are slow, but your melee attacks are powerful.
You are resistant to unholy torment.
Your maximum health is greatly increased.
Your equipment is partially melded.
You are too large for most types of armour.
You are immune to poison.
You have claws for hands.
Your natural rate of healing is unusually fast.
((You are covered in fur. (AC +1)))
((You have tough skin. (AC +1)))


   Skills:
 - Level 8.0 Fighting
 + Level 7.8 Dodging
 - Level 8.0 Shields
 - Level 10.0 Unarmed Combat
 - Level 8.0 Invocations
 - Level 16.0 Shapeshifting


You had 13 spell levels left.
You didn't know any spells.
Your spell library contained the following spells:

 Spells                   Type           Power      Damage    Failure   Level
 Freeze                   Ice            0%         1d3       67%         1
 Necrotise                Necr           0%         1d4       67%         1
 Summon Small Mammal      Summ           0%         N/A       67%         1
 Blink                    Tloc           0%         N/A       82%         2
 Ensorcelled Hibernation  Hex/Ice        0%         N/A       82%         2
 Lesser Beckoning         Tloc           0%         N/A       82%         2
 Momentum Strike          Conj/Tloc      0%         3d8       82%         2
 Call Canine Familiar     Summ           0%         N/A       96%         3
 Frozen Ramparts          Ice            0%         1d1       96%         3
 Gell's Gravitas          Tloc           0%         N/A       96%         3
 Hailstorm                Conj/Ice       0%         3d5       96%         3
 Inner Flame              Hex/Fire       0%         N/A       96%         3
 Passwall                 Erth           0%         N/A       96%         3
 Swiftness                Air            0%         N/A       96%         3
 Teleport Other           Tloc           0%         N/A       96%         3
 Cause Fear               Hex            0%         N/A       100%        4
 Martyr's Knell           Necr/Summ      0%         N/A       100%        4
 Petrify                  Alch/Erth      0%         N/A       100%        4
 Summon Blazeheart Golem  Fire/Summ      0%         N/A       100%        4
 Summon Lightning Spire   Summ/Air       0%         N/A       100%        4
 Fireball                 Conj/Fire      0%         3d3       100%        5
 Irradiate                Conj/Alch      0%         3d11      100%        5
 Borgnjor's Revivificati  Necr           0%         N/A       100%        8
 Ignition                 Fire           0%         3d3       100%        8
 Dragon's Call            Summ           0%         N/A       100%        9
 Sublimation of Blood     Necr           Unusable   N/A       N/A         2

Inventory:

Hand Weapons
 b - a +4 scimitar of flaming
Missiles
 x - 27 large rocks {=f}
 H - a throwing net {=f}
Armour
 d - a +2 hat (worn)
 Q - a +0 troll leather armour (melded)
 W - a +1 kite shield of reflection (worn)
Jewellery
 a - a +5 ring of evasion (left claw)
 c - an amulet of regeneration
 o - the amulet of Balance {Spirit Dex+3 Slay+2}

   [amulet of guardian spirit]

   Spirit:    It causes incoming damage to be divided between your reserves of
   health and magic.
   Dex+3:     It affects your dexterity (+3).
   Slay+2:    It affects your accuracy & damage with ranged weapons and melee
   (+2).
 r - a ring of willpower (right claw)
 y - an amulet of reflection (around neck)
 z - a ring of fire
 X - a +6 ring of strength
 Y - a ring of willpower
Talismans
 C - a granite talisman (active)
 U - a storm talisman
Wands
 g - a wand of paralysis (9) (quivered)
 A - a wand of acid (8)
 F - a wand of roots (11)
 N - a wand of flame (14)
 R - a wand of mindburst (12)
 V - a wand of digging (4)
Scrolls
 j - 4 scrolls of teleportation {@r4}
 k - 2 scrolls of blinking
 m - 3 scrolls of silence {!r}
 n - a scroll of acquirement
 t - 3 scrolls of immolation {!r}
 u - 3 scrolls of vulnerability {!r}
 v - 6 scrolls of poison {!r}
 w - a scroll of fear
 D - 5 scrolls of revelation
 I - a scroll of enchant armour
 J - a scroll of brand weapon
 L - 2 scrolls of fog
 S - 3 scrolls of noise {!r}
Potions
 e - 3 potions of mutation {!q}
 f - 2 potions of resistance
 h - a potion of invisibility {unknown}
 i - 2 potions of might
 l - a potion of cancellation {unknown}
 p - 2 potions of enlightenment {unknown}
 q - 2 potions of heal wounds {unknown}
 s - 2 potions of lignification {!q}
 B - a potion of haste {unknown}
 E - 2 potions of attraction {!q}
 G - a potion of magic
 K - 2 potions of ambrosia
 T - a potion of curing {@q1}
 Z - 2 potions of berserk rage {unknown}
Miscellaneous
 M - a phial of floods
 O - a condenser vane
 P - a lightning rod (4/4)

Dungeon Overview and Level Annotations

Branches:
Dungeon (15/15)            Temple (1/1) D:7            Lair (0/5) D:8
    Orc (0/2) D:11         Vaults (0/5) D:14         Depths (1/4) D:15
Ossuary (visited)          Bailey (visited)

Altars:
Ashenzari
Cheibriados
Dithmenos
Elyvilon
Fedhas
Gozag
Hepliaklqana
Kikubaaqudgha
Makhleb
Nemelex Xobeh
Okawaru
Qazlal
Ru
Sif Muna
Trog
Uskayaw
Vehumet
Wu Jian
Xom
Yredelemnul
Zin
The Shining One

Shops:
D:7 (

Portals:
Hell: Depths:1
Trove: D:10 (give +5 fire dragon scales)

Annotations:
D:8 exclusion: downstairs
D:11 exclusion: downstairs
D:14 exclusion: downstairs

▒.▒ ▒.▒.▒▒▒▒▒▒.▒
▒.▒ ▒.▒.▒ ▒.▒
▒.▒V▒ ▒.▒ ▒.▒V▒
▒.▒ ▒.▒C▒
▒.▒▒▒▒▒▒▒▒▒▒▒▒.▒.▒
▒..<...†.......▒.▒
▒▒▒▒▒▒▒▒▒▒▒▒▒▒▒▒.▒
...∩...8.▒
▒▒▒▒▒▒▒▒▒▒


You could see a frost giant, a jiangshi (summoned) and a vampire mage
(invisible).


Message History

The bolt of cold hits you!!!
* * * LOW HITPOINT WARNING * * *
The tengu warrior closely misses you.
Unknown command.
Unknown command.
You mangle the frost giant!!
The frost giant is heavily wounded.
The phantasmal warrior hits you!
* * * LOW HITPOINT WARNING * * *
The frost giant closely misses you. You block the tengu warrior's attack.
Unknown command.
Blink to where?
Press: ? - help, Dir - move target
As you read the scroll of blinking, it crumbles to dust.
The phantasmal warrior gestures at you.
The phantasmal warrior blinks!
The phantasmal warrior gestures at you.
The phantasmal warrior blinks!
Okay, then.
The frost giant casts a spell at you. The bolt of cold hits you!!!
The Shining One protects you from harm!
The frost giant gestures at you while chanting.
The bolt of cold hits you!!! The Shining One protects you from harm!
Found a gateway to Hell.
The frost giant points at you and mumbles some strange words.
The bolt of cold hits you!!!
You die...

Action                     |  1- 3 |  4- 6 |  7- 9 | 10-12 | 13-15 || total
---------------------------+-------+-------+-------+-------+-------++-------
  Melee: Unarmed           |    99 |   111 |   245 |   489 |   294 ||  1238
         Punch             |       |       |     9 |    35 |    12 ||    56
         Scimitar          |       |       |       |     4 |     8 ||    12
 Invoke: Divine Shield     |       |       |     1 |     1 |     2 ||     4
  Evoke: Wand              |       |       |     8 |    20 |     1 ||    29
    Use: Scroll            |       |       |    16 |     9 |     6 ||    31
         Potion            |       |       |     4 |       |       ||     4
 Armour: Robe              |    47 |    98 |   219 |   269 |       ||   633
         Skin              |       |       |       |   300 |   210 ||   510
  Dodge: Dodged            |    48 |    71 |   153 |   435 |   171 ||   878
  Block: Other             |       |       |       |     2 |       ||     2
         Kite shield       |       |       |       |       |   162 ||   162
         Reflection        |       |       |       |       |     5 ||     5
   Form: Statue            |       |       |       |     1 |       ||     1

Levels and vault maps discovered:
D:1:      dpeg_arrival_pits, layout_basic
D:2:      layout_rooms, shapermc_ecumenical_altar_mp_ritualfount
D:3:      layout_rooms, mainiacjoe_overflow_boulevard
D:4:      layout_rooms
D:5:      layout_gridville, mainiacjoe_overflow_six_doors_small, serial_demonic,
          serial_demonic_g, serial_demonic_c, serial_demonic_g,
          serial_demonic_c, gammafunk_ghost_necromancy, uniq_ijyb, uniq_sigmund
D:6:      layout_loops_ring, lemuel_tele_altar,
          chequers_temple_overflow_statue_of_worship
D:7:      corexii_shack_village, layout_basic, minmay_temple_entry_glass,
          serial_shops, shop, lightli_ossuary_entry_decrepit_ruins, st_stairs_8
D:8:      layout_cave_pools, elyvilon_altar_5, erik_lair_dragon, enter_bailey_8,
          kennysheep_generic_room_6, uniq_gastronok, uniq_psyche
D:9:      minmay_the_grid_triangle_9x9_rhombus_thin
          [minmay_the_grid_triangle_9x9_thin_v,
          minmay_the_grid_triangle_9x9_prize_schism,
          minmay_the_grid_triangle_9x9_skeleton,
          minmay_the_grid_triangle_9x9_cache], layout_cross,
          nicolae_uskayaw_murder_on_the_dancefloor
D:10:     layout_basic, nicolae_trove_entry_free_sample,
          amcnicky_mini_corridor_feature, grunt_ministairs_8, uniq_lodul,
          uniq_amaemon
D:11:     layout_roguey, david_orc_4, hex_tiny, chequers_serial_rivers_small_3,
          uniq_erica
D:12:     layout_basic, kiku_gazebo_garden_becter
D:13:     layout_cave_pools
D:14:     layout_cave_pools, skrybe_vaults_entry_preservation,
          ebering_dispersal_statue_hall, uniq_azrael, uniq_agnes
D:15:     grunt_enter_depths_magical_seal, layout_layer_cave,
          good_gods_temple_1, uniq_kirke
Temple:   nicolae_temple_two_arcs
Depths:1: layout_basic, hell_entry, onia_ninara_cookie

Notes
Turn   | Place    | Note
-------+----------+-------------------------------------------
     0 | D:1      | sanka the Troll Monk began the quest for the Orb.
     0 | D:1      | Reached XP level 1. HP: 22/22 MP: 0/0
    60 | D:1      | Reached XP level 2. HP: 29/29 MP: 1/1
   112 | D:1      | Reached skill level 3 in Fighting
   395 | D:2      | Reached XP level 3. HP: 37/37 MP: 2/2
   468 | D:2      | Found a faded altar of an unknown god.
   484 | D:2      | Prayed at the altar of an unknown god.
   484 | D:2      | Became a worshipper of the Shining One
   484 | D:2      | Reached * piety under the Shining One
   484 | D:2      | Reached ** piety under the Shining One
   608 | D:2      | Reached skill level 4 in Unarmed Combat
   715 | D:3      | Reached *** piety under the Shining One
   788 | D:3      | Reached XP level 4. HP: 45/45 MP: 3/3
   824 | D:3      | Found a basalt altar of Yredelemnul.
  1031 | D:4      | Reached skill level 5 in Unarmed Combat
  1046 | D:4      | Reached XP level 5. HP: 49/53 MP: 4/4
  1294 | D:5      | Entered Level 5 of the Dungeon
  1330 | D:5      | Reached skill level 6 in Unarmed Combat
  1373 | D:5      | Reached XP level 6. HP: 23/61 MP: 2/5
  1513 | D:5      | Reached skill level 7 in Unarmed Combat
  1540 | D:5      | Found a runed translucent gate.
  1542 | D:5      | Found a runed translucent gate.
  1543 | D:5      | Found a runed translucent gate.
  1544 | D:5      | Noticed dakkaduck's ghost (novice MiBe)
  1604 | D:5      | Reached XP level 7. HP: 53/67 MP: 2/6
  1721 | D:5      | Noticed Sigmund
  1730 | D:5      | Killed Sigmund
  1731 | D:5      | Reached skill level 8 in Unarmed Combat
  1749 | D:5      | Found an iron altar of Okawaru.
  1820 | D:5      | Noticed Ijyb
  1828 | D:5      | Killed Ijyb
  1919 | D:5      | Reached **** piety under the Shining One
  2003 | D:5      | Killed dakkaduck's ghost
  2004 | D:5      | Reached skill level 9 in Unarmed Combat
  2004 | D:5      | Reached XP level 8. HP: 30/75 MP: 3/7
  2007 | D:5      | Reached skill level 10 in Unarmed Combat
  2072 | D:6      | Identified the +6 scale mail "Equleq" {Dex+4}
  2305 | D:6      | Reached skill level 4 in Fighting
  2402 | D:6      | Found a shadowy altar of Dithmenos.
  2403 | D:6      | Found a glowing silver altar of Zin.
  2408 | D:6      | Found a shimmering altar of Xom.
  2417 | D:6      | Reached skill level 1 in Shapeshifting
  2621 | D:6      | Found a glowing golden altar of the Shining One.
  2961 | D:7      | Reached skill level 2 in Shapeshifting
  2962 | D:7      | HP: 5/79 [killer bee (3)]
  2969 | D:7      | Found a staircase to the Ecumenical Temple.
  2969 | D:7      | HP: 7/79 [poisoned by a killer bee]
  2973 | D:7      | Reached skill level 5 in Fighting
  2976 | Temple   | Entered the Ecumenical Temple
  3045 | D:7      | Reached skill level 3 in Shapeshifting
  3121 | Temple   | Reached skill level 4 in Shapeshifting
  3121 | Temple   | Reached XP level 9. HP: 59/88 MP: 5/8
  3249 | D:7      | Found a sand-covered staircase.
  3262 | Ossuary  | Entered an ossuary
  3392 | Ossuary  | Reached ***** piety under the Shining One
  3492 | Ossuary  | Reached skill level 5 in Shapeshifting
  3717 | D:7      | Found Laemniweil's Weapon Boutique.
  4083 | D:8      | Noticed Gastronok
  4107 | D:8      | Killed Gastronok
  4108 | D:8      | Reached skill level 8 in Shapeshifting
  4109 | D:8      | Noticed Psyche
  4123 | D:8      | Killed Psyche
  4199 | D:8      | Reached XP level 10. HP: 57/96 MP: 6/9
  4315 | D:8      | Reached skill level 9 in Shapeshifting
  4331 | D:8      | Found a flagged portal.
  4340 | Bailey   | Entered a bailey
  4750 | Bailey   | Reached ****** piety under the Shining One
  4840 | Bailey   | Reached skill level 10 in Shapeshifting
  5203 | D:8      | Found a white marble altar of Elyvilon.
  5300 | D:8      | Noticed a two-headed ogre
  5310 | D:8      | Killed a two-headed ogre
  5355 | D:8      | Reached skill level 11 in Shapeshifting
  5830 | D:8      | Found a staircase to the Lair.
  5896 | D:8      | Identified 2 potions of resistance
  6027 | D:9      | Noticed a rust devil
  6187 | D:8      | Reached skill level 12 in Shapeshifting
  6220 | D:9      | Reached XP level 11. HP: 94/102 MP: 6/10
  6273 | D:9      | Found a hide-covered altar of Uskayaw.
  6446 | D:9      | Noticed a two-headed ogre
  6460 | D:9      | Killed a two-headed ogre
  6607 | D:9      | Noticed a cyan ugly thing
  6610 | D:9      | Noticed a boulder beetle
  6613 | D:9      | Identified the staff of the Mushroom {rElec Dex+3 Air}
  6613 | D:9      | Noticed a centaur warrior
  6615 | D:9      | Killed a cyan ugly thing
  6702 | D:8      | Reached skill level 13 in Shapeshifting
  6765 | D:8      | Killed a boulder beetle
  6947 | D:9      | HP: 5/102 [centaur warrior/the staff of the Mushroom {rElec
                  | Dex+3 Air} (13)]
  6947 | D:9      | HP: 2/102 [centaur warrior/the staff of the Mushroom {rElec
                  | Dex+3 Air} (3)]
  6953 | D:10     | Entered Level 10 of the Dungeon
  7012 | D:9      | Killed a centaur warrior
  7107 | D:9      | Noticed a deep elf pyromancer
  7112 | D:9      | Killed a deep elf pyromancer
  7151 | D:9      | a queen bee changed into a harpy
  7151 | D:9      | Noticed a harpy (shapeshifter)
  7158 | D:9      | Killed a harpy
  7159 | D:9      | Reached skill level 14 in Shapeshifting
  7232 | D:9      | Identified the amulet of Balance {Spirit Dex+3 Slay+2}
  7242 | D:9      | Got the Octavo of Spectral Air
  7282 | D:9      | HP: 8/102 [gnoll sergeant/+0 trident (4)]
  7287 | D:9      | HP: 10/102 [poisoned by a hornet]
  7527 | D:10     | Noticed Amaemon
  7534 | D:10     | Killed Amaemon
  7565 | D:10     | Noticed a two-headed ogre
  7569 | D:10     | Killed a two-headed ogre
  7596 | D:10     | Noticed Lodul
  7607 | D:10     | Killed Lodul
  7616 | D:10     | Reached XP level 12. HP: 111/111 MP: 9/11
  7620 | D:10     | Reached skill level 15 in Shapeshifting
  7672 | D:10     | Found a portal to a secret trove of treasure.
  8677 | D:11     | Found a staircase to the Orcish Mines.
  8843 | D:11     | Noticed Erica
  8850 | D:11     | Killed Erica
  9408 | D:12     | Reached skill level 16 in Shapeshifting
  9421 | D:12     | Reached skill level 1 in Invocations
  9535 | D:12     | Found an ancient bone altar of Kikubaaqudgha.
  9629 | D:12     | Reached skill level 2 in Invocations
 10192 | D:13     | Noticed a tengu warrior
 10202 | D:13     | Reached skill level 3 in Invocations
 10214 | D:13     | Killed a tengu warrior
 10215 | D:13     | Reached skill level 4 in Invocations
 10327 | D:13     | Reached skill level 1 in Shields
 10389 | D:13     | Noticed a four-headed hydra
 10399 | D:13     | Killed a one-headed hydra
 10400 | D:13     | Reached skill level 5 in Invocations
 10509 | D:13     | Noticed a centaur warrior
 10512 | D:13     | Killed a centaur warrior
 10513 | D:13     | Reached skill level 3 in Dodging
 10517 | D:13     | Reached skill level 2 in Shields
 10519 | D:13     | Noticed a centaur warrior
 10522 | D:13     | Killed a centaur warrior
 10667 | D:14     | Noticed Azrael
 10683 | D:14     | Killed Azrael
 10695 | D:13     | Reached XP level 13. HP: 102/120 MP: 12/16
 10833 | D:14     | Reached skill level 3 in Shields
 10877 | D:14     | Identified a scroll of acquirement
 10895 | D:14     | Reached skill level 4 in Dodging
 10897 | D:14     | Reached skill level 6 in Fighting
 10915 | D:14     | Reached skill level 6 in Invocations
 10937 | D:14     | Reached skill level 4 in Shields
 11050 | D:14     | Noticed Agnes
 11056 | D:14     | Killed Agnes
 11058 | D:14     | Reached skill level 5 in Dodging
 11243 | D:14     | Reached skill level 5 in Shields
 11243 | D:14     | Reached skill level 7 in Invocations
 11246 | D:14     | Reached skill level 7 in Fighting
 11254 | D:14     | Found a gate to the Vaults.
 11254 | D:14     | Noticed an ironbound preserver
 11272 | D:14     | Killed an ironbound preserver
 11523 | D:15     | Entered Level 15 of the Dungeon
 11773 | D:15     | Reached XP level 14. HP: 133/133 MP: 18/18
 11780 | D:15     | Reached skill level 6 in Dodging
 11903 | D:15     | Reached skill level 6 in Shields
 11932 | D:15     | Found a white marble altar of Elyvilon.
 11932 | D:15     | Found a glowing silver altar of Zin.
 11933 | D:15     | Found a glowing golden altar of the Shining One.
 12137 | D:15     | Reached skill level 8 in Invocations
 12361 | D:15     | Reached skill level 8 in Fighting
 12374 | D:15     | Found a staircase to the Depths.
 12445 | D:15     | Noticed Kirke
 12453 | D:15     | Killed Kirke
 12482 | Depths:1 | Entered Level 1 of the Depths
 12577 | Depths:1 | Noticed a green very ugly thing
 12577 | Depths:1 | Noticed a green very ugly thing
 12577 | Depths:1 | Noticed a green very ugly thing
 12577 | Depths:1 | Noticed a stone giant
 12589 | Depths:1 | Noticed a green very ugly thing
 12596 | Depths:1 | Killed a green very ugly thing
 12597 | Depths:1 | Reached skill level 7 in Shields
 12598 | Depths:1 | Killed a green very ugly thing
 12599 | Depths:1 | Reached skill level 7 in Dodging
 12604 | Depths:1 | Killed a stone giant
 12607 | Depths:1 | Killed a white very ugly thing
 12612 | Depths:1 | Killed a white very ugly thing
 12665 | Depths:1 | Noticed a purple very ugly thing
 12675 | Depths:1 | Killed a purple very ugly thing
 12679 | Depths:1 | Noticed a frost giant
 12682 | Depths:1 | Killed a frost giant
 12683 | Depths:1 | Noticed a frost giant
 12686 | Depths:1 | Noticed a stone giant
 12690 | Depths:1 | Killed a stone giant
 12694 | Depths:1 | Reached skill level 8 in Shields
 12702 | Depths:1 | Noticed a frost giant
 12716 | Depths:1 | The Shining One protects you from harm!
 12717 | Depths:1 | The Shining One protects you from harm!
 12718 | Depths:1 | Found a gateway to Hell.
 12719 | Depths:1 | Killed from afar by a frost giant

Vanquished Creatures
  Agnes (D:14)
  Gastronok (D:8)
  Kirke (D:15)
  A frost giant (Depths:1)
  An ironbound preserver (D:14)
  2 stone giants (Depths:1)
  5 very ugly things (Depths:1)
  Azrael (D:14)
  2 rakshasas (D:15)
  3 hydras
  An ogre mage (D:15)
  A death knight (D:14)
  Erica (D:11)
  6 centaur warriors
  A boulder beetle (D:8)
  6 two-headed ogres
  2 tengu warriors
  Amaemon (D:10)
  A glowing orange brain (Depths:1)
  Lodul (D:10)
  2 phantasmal warriors (D:14)
  3 deep elf pyromancers
  A harpy (shapeshifter) (D:9)
  27 ugly things
  A wolf spider (D:15)
  3 manticores
  3 meliai (D:14)
  4 cyclopes
  The ghost of dakkaduck the Cleaver, a novice MiBe of Trog (D:5)
  An orange demon (D:10)
  A gargoyle (D:13)
  2 unseen horrors
  Psyche (D:8)
  3 efreet
  A kobold demonologist (D:9)
  A tengu conjurer (D:15)
  A komodo dragon (D:8)
  7 trolls
  4 yaktaurs (D:15)
  A hornet (D:9)
  A hornet (shapeshifter) (D:15)
  11 slime creatures
  Sigmund (D:5)
  A centaur simulacrum (D:15)
  4 wyverns
  A water elemental (Depths:1)
  4 fire elementals
  6 wraiths
  6 yaks
  5 basilisks
  A hog (D:15)
  A steam dragon (D:9)
  A vampire mosquito (D:9)
  An acid dragon (D:14)
  A water moccasin (Temple)
  3 hell hounds
  9 orc warriors
  An ice beast (Temple)
  2 black bears
  A sky beast (D:8)
  A swamp drake (D:8)
  11 ogres
  5 wolves (Bailey)
  12 centaurs
  3 kobold brigands
  A brain worm (shapeshifter) (D:13)
  12 gnoll sergeants
  4 bullfrogs
  A wight (D:9)
  A water moccasin skeleton (D:5)
  15 killer bees
  2 electric eels
  2 howler monkeys (D:12)
  2 bullfrog zombies (D:5)
  2 centaur zombies
  7 hounds
  4 orc priests
  7 gnoll boudas
  A quasit (D:5)
  4 jellies
  2 iguanas (D:5)
  2 sleepcaps (D:7)
  Ijyb (D:5)
  12 orc wizards
  4 ogre zombies (Ossuary)
  7 mummies (Ossuary)
  27 gnolls
  4 adders
  4 white imps
  3 ufetubi (D:5)
  4 adder zombies (Ossuary)
  2 dart slugs
  4 ribbon worms
  30 orcs
  6 bats
  5 endoplasms
  A giant cockroach (D:1)
  9 goblins
  11 hobgoblins
  8 jackals (D:5)
  4 quokkas
  8 ball pythons
  A frilled lizard (D:3)
  3 goblin zombies (Ossuary)
  2 hobgoblin zombies (Ossuary)
  17 kobolds
  5 kobold zombies (Ossuary)
  An orc zombie (Ossuary)
  7 quokka zombies (Ossuary)
  6 rats
  3 rat zombies (Ossuary)
468 creatures vanquished.

Vanquished Creatures (others)
  A human (D:15)
1 creature vanquished.

Grand Total: 469 creatures vanquished
